Map: Romanticide LE

Players

Reynor - Winner!

  • Race: Zerg Zerg
  • Spawn Location: 5:00

Maru

  • Race: Terran Terran
  • Spawn Location: 11:00

Event: IEM Katowice 2021

VOD

Have the link to the VOD?

Description

Time

  • Played on: Feb. 28, 2021, 9:17 a.m.
  • Length: 17:12

All games in this series

Show
View Real Time Build Order
Export as new Build Order

Reynor Zerg - Winner!

Build Orders: Hatch First, Muta Ling Bane 

Get SALT Encoding   

  12  0:02  Drone  
  13  0:12  Overlord  
  13  0:16  Drone  
  14  0:30  Drone x2  
  16  0:48  Hatchery  
  15  0:51  Drone  
  15  0:54  Drone  
  17  0:58  Drone  
  18  1:12  Spawning Pool  
  18  1:15  Extractor  
  16  1:19  Drone  
  16  1:21  Drone  
  18  1:29  Drone  
  19  1:38  Drone  
  20  1:49  Overlord  
  20  2:00  Zergling x2, Queen x2  
  20  2:01  Zergling x2  
  26  2:11  Drone x2  
  28  2:21  Drone  
  28  2:22  Drone  
  30  2:33  Hatchery, Drone  
  30  2:38  Pneumatized Carapace  
  30  2:42  Drone  
  30  2:44  Drone  
  32  2:46  Drone  
  33  2:53  Overlord  
  33  2:58  Queen  
  33  3:01  Drone  
  36  3:05  Metabolic Boost  
  36  3:11  Drone  
  36  3:12  Drone  
  38  3:13  Drone  
  38  3:19  Overlord  
  39  3:22  Queen  
  39  3:24  Drone  
  39  3:26  Drone  
  43  3:28  Drone  
  43  3:33  Overlord  
  44  3:38  Drone  
  44  3:40  Drone x2  
  47  3:43  Queen  
  47  3:46  Zergling x4  
  51  3:49  Overlord  
  51  3:51  Drone  
  52  3:56  Queen  
  52  3:57  Drone  
  52  3:59  Drone  
  52  4:02  Overlord  
  56  4:04  Drone  
  56  4:08  Drone x2  
  56  4:09  Drone  
  60  4:12  Overlord  
  60  4:14  Drone  
  60  4:15  Drone  
  62  4:19  Zergling x6  
  62  4:23  Queen  
  67  4:25  Drone  
  67  4:26  Drone  
  67  4:28  Overlord  
  69  4:32  Baneling Nest  
  69  4:36  Spine Crawler  
  69  4:38  Queen  
  69  4:43  Zergling x8  
  73  4:46  Zergling x2  
  73  4:47  Zergling x2  
  73  4:50  Zergling x8  
  79  4:54  Queen  
  79  4:59  Zergling x4  
  83  5:03  Zergling x4  
  83  5:04  Overlord  
  83  5:07  Zergling x8  
  89  5:10  Drone  
  87  5:16  Lair  
  87  5:17  Drone  
  87  5:18  Drone  
  87  5:19  Baneling x4  
  87  5:22  Drone x2  
  87  5:23  Drone  
  87  5:25  Extractor  
  87  5:26  Zergling x4  
  90  5:29  Drone  
  90  5:30  Drone  
  90  5:35  Drone x3  
  93  5:37  Drone  
  93  5:42  Drone  
  93  5:45  Drone  
  93  5:46  Hatchery  
  93  5:47  Drone x2  
  93  5:49  Evolution Chamber x2, Extractor, Drone x2  
  94  5:51  Drone  
  94  5:55  Drone  
  96  5:57  Extractor  
  96  5:59  Drone  
  96  6:01  Drone  
  96  6:02  Overlord  
  97  6:04  Overlord  
  97  6:05  Extractor x2  
  97  6:07  Drone  
  97  6:09  Drone  
  97  6:12  Spore Crawler  
  97  6:13  Drone  
  97  6:14  Centrifical Hooks  
  97  6:17  Overlord  
  97  6:22  Zergling x10  
  102  6:26  Drone x2  
  102  6:28  Drone  
  105  6:34  Overlord  
  105  6:37  Spire  
  105  6:39  Drone x4  
  108  6:40  Drone  
  108  6:44  Zerg Ground Armor Level 1  
  109  6:48  Zergling x8  
  109  6:52  Overlord x2  
  109  6:53  Zerg Melee Weapons Level 1  
  113  6:57  Drone x4  
  113  6:59  Zergling x4  
  119  7:03  Drone  
  119  7:06  Spore Crawler  
  119  7:09  Drone x3  
  119  7:11  Baneling x6  
  119  7:14  Drone x4  
  119  7:15  Drone x3  
  129  7:19  Zergling x2  
  130  7:26  Overlord  
  123  7:47  Drone x7  
  123  7:48  Drone x4  
  123  7:49  Zerg Flyer Weapons Level 1  
  129  7:53  Spore Crawler  
  129  7:54  Mutalisk x6, Spore Crawler  
  139  7:59  Mutalisk x2  
  139  8:02  Zergling x8  
  139  8:03  Overseer  
  139  8:04  Spore Crawler  
  146  8:11  Mutalisk  
  147  8:13  Drone x3  
  147  8:15  Extractor  
  147  8:16  Extractor, Drone  
  149  8:21  Mutalisk  
  149  8:23  Drone  
  149  8:25  Overlord x3  
  152  8:27  Spine Crawler x2  
  152  8:31  Hatchery  
  152  8:33  Overlord  
  149  8:41  Overseer, Zerg Ground Armor Level 2  
  149  8:43  Mutalisk  
  149  8:45  Overlord  
  149  8:47  Drone x2  
  149  8:48  Drone x10  
  163  8:54  Mutalisk x2  
  167  8:57  Zergling x10  
  167  9:00  Zerg Melee Weapons Level 2  
  172  9:04  Baneling x5  
  172  9:06  Drone x4  
  172  9:08  Spore Crawler  
  172  9:09  Spore Crawler  
  174  9:11  Mutalisk  
  174  9:15  Zergling x2  
  174  9:16  Zergling x8, Infestation Pit  
  180  9:18  Mutalisk  
  180  9:20  Drone x4  
  180  9:23  Overlord  
  186  9:29  Mutalisk x2  
  190  9:31  Overlord  
  190  9:33  Mutalisk  
  192  9:46  Baneling x12  
  192  9:52  Extractor, Drone x6  
  197  9:53  Mutalisk, Extractor  
  197  9:57  Baneling x5  
  197  9:58  Baneling  
  198  10:04  Hive  
  198  10:05  Hatchery  
  197  10:07  Zergling x6  
  197  10:14  Spine Crawler, Spore Crawler  
  198  10:19  Zerg Flyer Weapons Level 2  
  198  10:22  Hatchery  
  195  10:33  Mutalisk x5  
  195  10:35  Zergling x10  
  186  10:43  Zergling x30  
  186  10:48  Mutalisk x4  
  198  10:51  Zergling x2  
  199  11:00  Zergling x10  
  200  11:06  Baneling x16  
  200  11:17  Baneling x11  
  200  11:20  Ultralisk Cavern  
  199  11:28  Drone  
  199  11:32  Zerg Ground Armor Level 3  
  194  11:52  Zergling x12  
  194  11:53  Zerg Melee Weapons Level 3  
  196  11:56  Mutalisk x3  
  200  12:01  Baneling x6  
  200  12:07  Chitinous Plating  
  200  12:23  Baneling x21  
  200  12:28  Extractor  
  199  12:53  Hatchery, Adrenal Glands  
  199  12:57  Spine Crawler, Spore Crawler  
  196  13:02  Overseer  
  195  13:07  Zergling x8  
  189  13:23  Zergling x10, Ultralisk  
  200  13:38  Baneling x9  
  200  13:43  Overseer x2  
  200  13:55  Unknown  
  198  14:13  Zergling x6  
  188  14:24  Zergling x8, Ultralisk x3  
  188  14:29  Zergling x2  
  188  14:30  Zergling x44  
  199  14:33  Zergling x2  
  199  14:34  Overlord x2  
  199  14:37  Spore Crawler  
  199  14:41  Baneling x10  
  197  14:57  Baneling x20  
  197  14:58  Zergling x18  
  199  15:03  Hatchery  
  199  15:04  Baneling x20  
  199  15:06  Zergling x2  
  199  15:20  Overlord  
  190  15:33  Zergling x10, Ultralisk x4  
  192  15:36  Zergling x22  
  192  15:40  Zergling x2  
  192  15:41  Zergling x38  
  194  15:43  Zergling x2  
  194  15:44  Zergling x10  
  200  15:54  Overseer  
  200  16:02  Baneling x46  
  200  16:10  Baneling x16  
  183  16:26  Zergling x44  
  181  16:34  Zergling x42  
  181  16:37  Zergling x2  
  181  16:38  Zergling x14  
  196  16:41  Zergling x2  
  196  16:44  Zergling x2  
  196  16:45  Zergling x10  
  196  16:56  Baneling x13  
Show
View Real Time Build Order
Export as new Build Order

Maru Terran 

Build Orders: Command Center First (CC) 

Get SALT Encoding   

  12  0:00  SCV  
  13  0:12  SCV  
  14  0:17  Supply Depot  
  14  0:24  SCV  
  15  0:39  SCV  
  16  0:51  SCV  
  17  0:58  Command Center  
  17  1:03  SCV  
  18  1:11  Barracks  
  18  1:15  SCV  
  19  1:21  Refinery  
  19  1:27  SCV  
  19  1:29  Refinery  
  20  1:39  SCV  
  21  1:45  Barracks  
  21  1:51  SCV  
  22  1:59  Barracks Reactor  
  22  2:04  Orbital Command  
  22  2:14  Orbital Command  
  22  2:29  SCV, Factory  
  23  2:32  Barracks Tech Lab  
  23  2:36  Marine  
  24  2:37  Marine  
  24  2:40  SCV  
  24  2:42  SCV  
  27  2:48  Supply Depot  
  27  2:52  SCV  
  27  2:54  SCV  
  27  2:57  Marine x2  
  27  2:58  Marine  
  31  3:02  Stimpack  
  32  3:05  SCV  
  32  3:07  SCV  
  34  3:17  SCV  
  34  3:18  Starport  
  34  3:19  SCV, Factory Reactor  
  36  3:21  Marine  
  36  3:22  Marine  
  36  3:24  Marine  
  39  3:30  SCV  
  39  3:31  SCV  
  39  3:33  Supply Depot  
  41  3:39  Marine  
  41  3:40  Marine  
  43  3:42  Marine  
  43  3:43  SCV x2  
  46  3:53  Supply Depot  
  46  3:55  SCV  
  47  3:56  Marine  
  47  3:58  Medivac, Hellion x2  
  54  4:06  Supply Depot  
  54  4:10  Armory  
  54  4:14  SCV, Marine x3  
  58  4:19  SCV, Supply Depot  
  58  4:21  Hellion  
  61  4:27  SCV  
  61  4:28  Hellion  
  64  4:33  SCV  
  65  4:39  SCV  
  65  4:40  Command Center  
  66  4:46  Supply Depot  
  66  4:47  Marine x3  
  66  4:49  Combat Shield  
  70  4:52  SCV  
  70  5:01  Factory, Factory Tech Lab  
  70  5:05  SCV  
  70  5:06  SCV, Marine x2  
  70  5:07  Hellion x4  
  74  5:13  Marine  
  69  5:18  SCV x2  
  69  5:20  Medivac  
  70  5:25  Supply Depot  
  70  5:30  SCV x2  
  70  5:34  Drilling Claws, Widow Mine  
  74  5:42  SCV x2  
  76  5:49  Marine x2  
  78  5:51  Widow Mine x2  
  78  5:52  Starport Reactor  
  78  5:53  Orbital Command  
  78  5:54  SCV x2  
  78  5:56  Engineering Bay  
  84  5:59  Engineering Bay  
  84  6:01  Refinery  
  84  6:05  Widow Mine  
  84  6:06  SCV x2  
  84  6:10  Marine x3, Refinery  
  91  6:15  Widow Mine  
  91  6:16  Widow Mine, Orbital Command  
  91  6:18  SCV  
  96  6:19  SCV  
  97  6:29  Medivac x2  
  97  6:30  SCV  
  97  6:31  SCV, Terran Infantry Weapons Level 1  
  103  6:42  SCV x2  
  103  6:43  SCV  
  106  6:51  Marine x3  
  106  6:53  Barracks  
  109  6:54  Barracks  
  109  6:56  Barracks  
  109  7:00  Terran Infantry Armor Level 1  
  109  7:13  Supply Depot  
  109  7:14  Supply Depot x2  
  109  7:24  Supply Depot  
  109  7:35  Medivac, SCV x3, Siege Tank  
  109  7:36  Medivac  
  119  7:40  Widow Mine x2  
  115  7:47  SCV x3  
  115  7:49  Barracks Reactor x3  
  114  7:56  Marine x3  
  117  7:59  SCV x3  
  117  8:05  Command Center  
  120  8:08  Widow Mine x2  
  120  8:11  Medivac x2, SCV x3  
  129  8:14  Marine  
  129  8:19  Refinery  
  130  8:20  Refinery  
  130  8:23  SCV x3  
  130  8:25  Missile Turret x2  
  130  8:26  Missile Turret  
  133  8:27  Missile Turret  
  133  8:28  Terran Vehicle Weapons Level 1  
  133  8:30  Terran Infantry Weapons Level 2  
  133  8:36  SCV x3  
  136  8:42  Supply Depot  
  136  8:43  Supply Depot  
  136  8:45  Thor  
  136  8:48  SCV x3  
  145  8:54  Terran Infantry Armor Level 2  
  145  9:00  SCV, Barracks x2  
  145  9:02  Barracks  
  146  9:05  Medivac x2  
  150  9:10  Widow Mine x2  
  150  9:15  Supply Depot  
  150  9:16  Factory, Supply Depot  
  154  9:22  Missile Turret  
  154  9:23  Missile Turret  
  154  9:24  Missile Turret  
  154  9:34  Widow Mine x2  
  154  9:37  Siege Tank  
  161  9:42  SCV x3  
  164  9:46  Missile Turret  
  164  9:48  Barracks Tech Lab x3  
  164  9:52  Missile Turret  
  164  9:58  Widow Mine x2  
  85  10:00  Medivac x2  
  168  10:06  Factory Tech Lab  
  172  10:07  Command Center  
  172  10:09  Thor  
  172  10:10  Planetary Fortress  
  172  10:11  SCV  
  172  10:12  SCV x2  
  181  10:18  Missile Turret  
  181  10:20  Missile Turret  
  181  10:27  SCV x2  
  180  10:32  SCV  
  180  10:34  Widow Mine x2, Siege Tank  
  168  10:39  SCV x2  
  149  10:44  SCV  
  149  10:46  SCV  
  145  10:51  SCV x2  
  145  10:56  SCV  
  146  10:58  SCV  
  146  11:02  Siege Tank, Sensor Tower  
  146  11:03  SCV x2  
  150  11:05  Marauder x4, Marine  
  150  11:08  SCV  
  150  11:10  SCV  
  161  11:11  Missile Turret  
  161  11:14  Factory Tech Lab  
  161  11:15  SCV x2  
  161  11:17  Unknown  
  163  11:26  Widow Mine x2, Terran Vehicle Weapons Level 2  
  163  11:30  Marine x6  
  163  11:31  Marauder  
  175  11:40  SCV x2  
  170  11:47  Marine  
  170  11:51  Missile Turret  
  170  11:53  Engineering Bay x2  
  171  11:57  SCV x2  
  171  11:58  Siege Tank x2  
  171  11:59  Widow Mine x2  
  182  12:02  SCV, Armory  
  182  12:04  Marauder x2, Marine x2  
  182  12:05  Marauder  
  187  12:16  SCV  
  187  12:19  Marine  
  187  12:20  Marauder  
  187  12:22  Terran Infantry Weapons Level 3, Terran Infantry Armor Level 3  
  184  12:24  Missile Turret  
  184  12:25  Missile Turret x2  
  184  12:26  Marauder x2  
  188  12:35  SCV  
  189  12:42  Thor  
  189  12:43  Widow Mine, Siege Tank  
  200  12:54  Terran Vehicle And Ship Armor Level 1, Ghost Academy  
  200  13:01  Missile Turret  
  200  13:02  Missile Turret  
  197  13:22  Supply Depot  
  197  13:30  Command Center x2  
  197  13:31  Command Center, Supply Depot  
  197  13:33  Supply Depot  
  197  13:34  Supply Depot  
  197  13:52  Terran Vehicle Weapons Level 3  
  192  14:05  Widow Mine  
  192  14:06  Widow Mine  
  192  14:08  Concussive Shells  
  187  14:20  Siege Tank  
  187  14:21  Siege Tank  
  170  14:26  Widow Mine  
  170  14:27  Widow Mine  
  170  14:29  Ghost x3  
  170  14:30  Ghost  
  170  14:37  Sensor Tower  
  169  14:48  Widow Mine  
  169  14:49  Widow Mine  
  169  14:52  Siege Tank  
  174  14:54  Siege Tank  
  174  14:58  Ghost  
  177  15:01  Orbital Command  
  177  15:19  Widow Mine x2  
  177  15:20  Ghost x2  
  185  15:21  Orbital Command  
  185  15:24  Siege Tank  
  185  15:26  Siege Tank  
  145  15:40  Widow Mine  
  137  15:43  Ghost x2  
  137  15:45  Marine x5  
  137  15:46  Marine x3  
  137  15:49  SCV x3, Marauder  
  156  15:50  Marauder  
  156  15:56  Siege Tank  
  159  15:58  Siege Tank  
  159  16:01  SCV  
  163  16:11  Widow Mine  
  163  16:12  Widow Mine, Orbital Command x2  
  163  16:17  SCV x3  
  170  16:28  Siege Tank  
  170  16:30  Siege Tank  
  165  16:36  Orbital Command  

Tags
 
Add a new tag
Caveats
  • Supply blocks, unpowered buildings, or Contaminate may cause inaccurate times.
  • Supply counts are checked every 10 seconds.